 Dungeon Crawl Stone Soup version 0.31.0-11-ge490571c62 (webtiles) character file.

Game seed: 6291515727852723298

2328 qw the Skirmisher (level 9, -14/50 HPs)
             Began as a Deep Elf Hunter on Feb 4, 2024.
             Demolished by a boulder beetle (21 damage)
             ... on level 7 of the Dungeon.
             The game lasted 00:00:31 (5667 turns).

qw the Skirmisher (Deep Elf Hunter)                 Turns: 5667, Time: 00:00:32

Health: -14/50     AC:  8    Str: 12    XL:     9   Next: 19%
Magic:  11/11      EV: 13    Int: 15    God:
Gold:   279        SH:  0    Dex: 18    Spells: 8/8 levels left

rFire   . . .        l - +1 orcbow
rCold   . . .        (shield currently unavailable)
rNeg    . . .        i - +0 ring mail
rPois   .            o - +0 helmet
rElec   .            (no cloak)
rCorr   .            j - +1 pair of gloves
SInv    +            (no boots)
Will    .....        (no amulet)
Stlth   +            b - ring of see invisible
HPRegen 0.28/turn    (no ring)
MPRegen 0.12/turn

%: no passive effects
@: about to teleport
A: no striking features
a: no special abilities


You were on level 7 of the Dungeon.
You visited 2 branches of the dungeon, and saw 8 of its levels.

You collected 279 gold pieces.


   Skills:
 - Level 3.1 Fighting
 + Level 14.9 Ranged Weapons
 - Level 1.9 Armour
 - Level 5.0 Dodging
 - Level 1.2 Stealth


You had 8 spell levels left.
You didn't know any spells.
Your spell library was empty.

Inventory:

Hand Weapons
 l - a +1 orcbow (weapon)
Armour
 i - a +0 ring mail (worn)
 j - a +1 pair of gloves (worn)
 o - a +0 helmet (worn)
Jewellery
 b - a ring of see invisible (left hand)
Wands
 a - a wand of mindburst (4)
 c - a wand of charming (7)
Scrolls
 f - 2 scrolls of teleportation
Potions
 d - 2 potions of enlightenment
 e - 2 potions of heal wounds
 g - a potion of mutation
 h - 3 potions of curing
 k - a potion of resistance {unknown}
 m - a potion of cancellation {unknown}
 n - a potion of attraction {unknown}

Dungeon Overview and Level Annotations

Branches:
Dungeon (7/15)             Temple (1/1) D:6

Altars:
Ashenzari
Dithmenos
Elyvilon
Gozag
Hepliaklqana
Nemelex Xobeh
Okawaru
Qazlal
Ru
Sif Muna
Uskayaw
Wu Jian
Yredelemnul
Zin

Shops:
D:2 :   D:4 :

Annotations:
D:2 1 runed translucent door, Crazy Yiuf


Message History

The arrow hits the boulder beetle but does no damage.
The boulder beetle is heavily wounded.
The boulder beetle leaps!
You start resting.
A boulder beetle is nearby!
You shoot an arrow.
The arrow hits the boulder beetle but does no damage.
The boulder beetle is moderately wounded.
You shoot an arrow.
The arrow hits the boulder beetle but does no damage.
The boulder beetle is moderately wounded.
You shoot an arrow. The arrow hits the boulder beetle!
The boulder beetle is heavily wounded.
The boulder beetle barely misses you.
You shoot an arrow.
The arrow hits the boulder beetle but does no damage.
The boulder beetle is heavily wounded.
You shoot an arrow. The arrow hits the boulder beetle.
The boulder beetle is heavily wounded.
The boulder beetle bites you but does no damage.
You shoot an arrow.
The arrow hits the boulder beetle but does no damage.
The boulder beetle is heavily wounded.
The boulder beetle bites you but does no damage.
You shoot an arrow.
The arrow hits the boulder beetle but does no damage.
The boulder beetle is heavily wounded.
The boulder beetle bites you.
You shoot an arrow. The arrow hits the boulder beetle.
The boulder beetle is heavily wounded.
The boulder beetle misses you.
You shoot an arrow.
The arrow hits the boulder beetle but does no damage.
The boulder beetle is heavily wounded.
The boulder beetle bites you!!
5667 ||| READING 3 scrolls of teleportation.
As you read the scroll of teleportation, it crumbles to dust.
You feel strangely unstable. The boulder beetle bites you!!
You die...

....# #....##.#..# ..<.#
#..##.#....##### ....#
#..#..#.....~~~## ^...#
#.##..#....P~P.~~ ....#
##....#.#..~~PPP. ....#
######.###.##.P~~~7~ .#..#
#$.#..#..#.###.~.P~~ .##.#
#:)#.....#.###.#~PPP ###.#
#@#...##..#......P #...#
#B#.....#.......... #.#.#
...#..#..#..........
....###################.......#.#
..#.....................##...##.P
.###%..........###..........~PP~P
.###.........######.....#..P.~~~
..##............#####..###.P~~7P~
..#...............# #### .~~P...


You could see a boulder beetle.

Vanquished Creatures
  A water moccasin (D:6)
  2 black bears
  3 ice beasts
  2 sky beasts (D:7)
  An orc warrior (D:6)
  2 ogres
  A centaur (D:6)
  3 phantoms
  A bullfrog (D:7)
  A kobold brigand (D:7)
  A scorpion (D:5)
  3 wights (D:6)
  A howler monkey (D:7)
  5 bombardier beetles
  2 jellies
  2 orc priests (D:5)
  2 hounds (D:6)
  2 orc wizards
  An iguana (D:5)
  11 adders
  3 white imps
  2 dart slugs
  4 ribbon worms
  12 orcs
  6 ball pythons
  5 endoplasms
  7 giant cockroaches
  5 goblins
  13 hobgoblins
  9 jackals
  8 kobolds
  5 quokkas
  4 bats
  2 frilled lizards
  6 rats
138 creatures vanquished.

Notes
Turn   | Place    | Note
-------+----------+-------------------------------------------
     0 | D:1      | qw the Deep Elf Hunter began the quest for the Orb.
     0 | D:1      | Reached XP level 1. HP: 12/12 MP: 3/3
     0 | D:1      | 0 ||| qw: Version: 0.3-a-160-g6735b56
     0 | D:1      | 0 ||| qw: Game counter: 5033
     0 | D:1      | 0 ||| qw: Melee chars always use a shield: true
     0 | D:1      | 0 ||| qw: God list: Okawaru
     0 | D:1      | 0 ||| qw: Allow faded altars: false
     0 | D:1      | 0 ||| qw: Do Orc after clearing Dungeon:15 true
     0 | D:1      | 0 ||| qw: Do second Lair branch before Depths: true
     0 | D:1      | 0 ||| qw: Lair rune preference: random
     0 | D:1      | 0 ||| qw: Goals: Normal
     0 | D:1      | 0 ||| PLANNING D:1-11
   142 | D:1      | Reached skill level 6 in Ranged Weapons
   142 | D:1      | Reached XP level 2. HP: 16/16 MP: 4/4
   276 | D:1      | Reached XP level 3. HP: 20/20 MP: 5/5
   672 | D:1      | 672 ||| UPGRADING to +0 pair of gloves.
   677 | D:1      | 677 ||| READING scroll labelled ZELEBR LAOP.
   677 | D:1      | 677 ||| IDENTIFYING glowing silvery potion
   678 | D:1      | 678 ||| READING 3 scrolls labelled WUECRU IHUANI.
   678 | D:1      | 678 ||| ENCHANTING +0 shortbow.
   679 | D:1      | 679 ||| READING 2 scrolls of enchant weapon.
   679 | D:1      | 679 ||| ENCHANTING +1 shortbow.
   680 | D:1      | 680 ||| READING scroll of enchant weapon.
   680 | D:1      | 680 ||| ENCHANTING +2 shortbow.
   681 | D:1      | 681 ||| READING scroll labelled OFFISTR HATH.
   782 | D:1      | 782 ||| READING scroll labelled UTONU WAGUPHI.
   783 | D:1      | 783 ||| READING scroll labelled HIUZXA JIMMU.
   884 | D:1      | 884 ||| READING scroll labelled PIEREI YTET.
   885 | D:1      | 885 ||| DRINKING 2 inky potions.
   886 | D:1      | 886 ||| DROPPING scroll of butterflies.
   973 | D:2      | Reached skill level 7 in Ranged Weapons
   998 | D:2      | 998 ||| READING scroll of enchant weapon.
   998 | D:2      | 998 ||| ENCHANTING +3 shortbow.
  1025 | D:2      | Reached XP level 4. HP: 25/25 MP: 6/6
  1310 | D:2      | Found Bienu's Book Emporium.
  1421 | D:2      | Found a faded altar of an unknown god.
  1567 | D:2      | Found a runed translucent door.
  1568 | D:2      | Noticed Crazy Yiuf
  1635 | D:2      | 1635 ||| UPGRADING to ring of see invisible.
  1636 | D:2      | 1636 ||| READING scroll of identify.
  1636 | D:2      | 1636 ||| IDENTIFYING 2 ruby potions
  1741 | D:3      | Reached skill level 8 in Ranged Weapons
  1768 | D:3      | Identified the +5 hand axe "Tormentor" {freeze, ^Fragile
                  | rC+ Str+2 Int+3}
  1866 | D:3      | Reached XP level 5. HP: 29/29 MP: 7/7
  2362 | D:3      | 2362 ||| UPGRADING to +0 ring mail.
  2372 | D:3      | 2372 ||| DROPPING +0 leather armour.
  2373 | D:3      | 2373 ||| READING 2 scrolls of identify.
  2373 | D:3      | 2373 ||| IDENTIFYING puce potion
  2374 | D:3      | 2374 ||| READING scroll of identify.
  2374 | D:3      | 2374 ||| IDENTIFYING scroll labelled SIAXZIE UPREOLI
  2375 | D:3      | 2375 ||| READING scroll labelled KOMYMA NEOT.
  2376 | D:3      | 2376 ||| DROPPING potion of ambrosia.
  2452 | D:4      | Found Buloosh's Self-Improvement Boutique.
  2482 | D:4      | Reached skill level 9 in Ranged Weapons
  2625 | D:4      | Noticed a black bear
  2639 | D:4      | Killed a black bear
  2640 | D:4      | Reached XP level 6. HP: 13/35 MP: 8/8
  2748 | D:4      | Reached skill level 10 in Ranged Weapons
  2756 | D:4      | Reached skill level 3 in Dodging
  2911 | D:4      | 2911 ||| READING scroll of identify.
  2911 | D:4      | 2911 ||| IDENTIFYING lumpy cyan potion
  2922 | D:5      | Entered Level 5 of the Dungeon
  2968 | D:5      | Noticed an ice beast
  2976 | D:5      | Killed an ice beast
  2977 | D:5      | Reached skill level 1 in Armour
  2977 | D:5      | Reached XP level 7. HP: 28/40 MP: 9/9
  3145 | D:5      | 3145 ||| SWAPPING to +0 orcbow.
  3146 | D:5      | 3146 ||| DROPPING +4 shortbow.
  3190 | D:5      | Reached skill level 11 in Ranged Weapons
  3231 | D:5      | 3231 ||| FLEEEEING.
  3232 | D:5      | 3232 ||| FLEEEEING.
  3233 | D:5      | 3233 ||| FLEEEEING.
  3756 | D:5      | Reached skill level 12 in Ranged Weapons
  3909 | D:5      | Reached XP level 8. HP: 34/45 MP: 10/10
  3981 | D:5      | Found an iron altar of Okawaru.
  3982 | D:5      | 3982 ||| PLANNING OKAWARU WORSHIP
  4086 | D:5      | 4086 ||| PLANNING D:1-11
  4087 | D:5      | 4087 ||| PLANNING OKAWARU WORSHIP
  4111 | D:5      | 4111 ||| PLANNING D:1-11
  4211 | D:6      | Reached skill level 3 in Fighting
  4225 | D:6      | Found a staircase to the Ecumenical Temple.
  4226 | D:6      | 4226 ||| PLANNING TEMPLE
  4226 | D:6      | 4226 ||| UPGRADING to +0 helmet.
  4231 | D:6      | 4231 ||| READING scroll of identify.
  4231 | D:6      | 4231 ||| IDENTIFYING glowing pink potion
  4232 | D:6      | 4232 ||| DROPPING potion of invisibility.
  4238 | Temple   | Entered the Ecumenical Temple
  4239 | Temple   | 4239 ||| PLANNING D:1-11
  4489 | D:6      | 4489 ||| FLEEEEING.
  4490 | D:6      | 4490 ||| FLEEEEING.
  4491 | D:6      | 4491 ||| FLEEEEING.
  4492 | D:6      | 4492 ||| FLEEEEING.
  4493 | D:6      | 4493 ||| FLEEEEING.
  4494 | D:6      | 4494 ||| FLEEEEING.
  4495 | D:6      | 4495 ||| FLEEEEING.
  4496 | D:6      | 4496 ||| FLEEEEING.
  4497 | D:6      | 4497 ||| FLEEEEING.
  4498 | D:6      | 4498 ||| FLEEEEING.
  4499 | D:6      | 4499 ||| STAIRDANCE
  4539 | D:5      | 4539 ||| READING scroll labelled NISIRU ONTOJE.
  4539 | D:5      | 4539 ||| ENCHANTING +0 pair of gloves.
  4542 | D:6      | 4542 ||| STAIRDANCE
  4623 | D:6      | 4623 ||| STAIRDANCE
  4645 | D:6      | 4645 ||| STAIRDANCE
  4695 | D:6      | 4695 ||| STAIRDANCE
  4724 | D:6      | 4724 ||| FLEEEEING.
  4725 | D:6      | 4725 ||| FLEEEEING.
  4726 | D:6      | 4726 ||| FLEEEEING.
  4857 | D:6      | Reached skill level 13 in Ranged Weapons
  5178 | D:6      | 5178 ||| RETREEEEATING.
  5179 | D:6      | 5179 ||| RETREEEEATING.
  5187 | D:6      | Reached skill level 14 in Ranged Weapons
  5332 | D:6      | 5332 ||| READING scroll labelled VUHIUL NIONLA.
  5377 | D:7      | Reached XP level 9. HP: 34/50 MP: 11/11
  5636 | D:7      | 5636 ||| READING scroll of enchant weapon.
  5636 | D:7      | 5636 ||| ENCHANTING +0 orcbow.
  5641 | D:7      | Noticed a boulder beetle
  5666 | D:7      | HP: 7/50 [boulder beetle (20)]
  5667 | D:7      | 5667 ||| READING 3 scrolls of teleportation.
  5667 | D:7      | Demolished by a boulder beetle

Levels and vault maps discovered:
D:1:      psy_arrival_heroes, layout_loops_ring
D:2:      layout_loops_ring, serial_shops, shop,
          ebering_ecumenical_altar_petrified, uniq_crazy_yiuf_cottage
D:3:      layout_loops_ring
D:4:      layout_rooms, nicolae_shop_self_help
D:5:      layout_gridville, general_overflow_altar
D:6:      layout_loops_cross, minmay_temple_entry_fiery
D:7:      minmay_the_grid_square_5x5_3x3 [minmay_the_grid_square_5x5_shuriken,
          minmay_the_grid_square_5x5_inner_z, minmay_the_grid_square_5x5_fat_x,
          minmay_the_grid_square_5x5_three,
          minmay_the_grid_square_5x5_megaprize_hollow,
          minmay_the_grid_square_5x5_minivault,
          minmay_the_grid_square_5x5_trominoes,
          minmay_the_grid_square_5x5_tri_point,
          minmay_the_grid_square_5x5_pentomino_r], layout_cave_pools,
          enter_bailey_7, serial_bayou, serial_bayou_shore_b,
          serial_bayou_crossing, serial_bayou_lagoon_a, serial_bayou_shore_b,
          serial_bayou_pond_c, dk_noncrumbling_4, uniq_jeremiah
Temple:   oiseaux_autumnal_temple

Skill      XL: |  1  2  3  4  5  6  7  8 |
---------------+-------------------------+-----
Ranged Weapons | 6 7 8 9 10 12 14 | 14.9
Fighting       | 2 3 |  3.1
Dodging        | 3 5 |  5.0
Armour         | 1 |  1.9
Stealth        | |  1.2

Action                     |  1- 3 |  4- 6 |  7- 9 || total
---------------------------+-------+-------+-------++-------
   Fire: Shortbow          |    79 |   163 |    20 ||   262
         Orcbow            |       |       |   201 ||   201
    Use: Scroll            |     9 |     5 |     5 ||    19
         Potion            |     1 |       |       ||     1
 Armour: Leather armour    |     8 |    11 |       ||    19
         Ring mail         |       |    30 |    92 ||   122
  Dodge: Dodged            |     6 |    31 |    79 ||   116

Table legend:
 A = Non-vault XP
 B = Vault XP
 C = Vault XP percentage of total XP
 D = Non-vault monster count
 E = Vault monster count
 F = Vault count percentage of total count
                 A         B        C        D         E       F
            +---------+---------+-------+---------+---------+-------
      Total |    3058 |     269 |   8.1 |     134 |       4 |   2.9
            +---------+---------+-------+---------+---------+-------
        D:1 |      56 |       0 |   0.0 |      31 |       0 |   0.0
        D:2 |      87 |       0 |   0.0 |      20 |       0 |   0.0
        D:3 |      94 |       0 |   0.0 |      23 |       0 |   0.0
        D:4 |     407 |       0 |   0.0 |      21 |       0 |   0.0
        D:5 |    1054 |       0 |   0.0 |      21 |       0 |   0.0
        D:6 |     954 |       0 |   0.0 |      14 |       0 |   0.0
        D:7 |     406 |     269 |  39.9 |       4 |       4 |  50.0
            +---------+---------+-------+---------+---------+-------
